 Dungeon Crawl Stone Soup version 0.21.1-1-g345015f (webtiles) character file.

377 nicolaieve the Cleaver (level 6, 0/51 HPs)
             Began as a Minotaur Berserker on July 19, 2018.
             Was a Believer of Trog.
             Slain by an ogre
             ... wielding a +0 giant club
              (25 damage)
             ... on level 4 of the Dungeon.
             The game lasted 00:07:39 (2223 turns).

nicolaieve the Cleaver (Minotaur Berserker)         Turns: 2223, Time: 00:07:40

Health: 0/51       AC:  8    Str: 23    XL:     6   Next: 45%
Magic:  5/5        EV:  8    Int:  4    God:    Trog [**....]
Gold:   165        SH:  0    Dex: 10    Spells: 5/5 levels left

rFire    . . .     SeeInvis .   a - +0 hand axe
rCold    . . .     Gourm    .   (no shield)
rNeg     . . .     Faith    .   f - +0 chain mail
rPois    .         Spirit   .   (helmet restricted)
rElec    .         Reflect  .   (no cloak)
rCorr    .         Harm     .   (no gloves)
MR       .....                  (no boots)
Stlth    ..........             (no amulet)
HPRegen  0.17/turn              (no ring)
MPRegen  0.09/turn              (no ring)

@: berserk cooldown, slowed, glowing, very slow
A: retaliatory headbutt, horns 2
a: Berserk, Trog's Hand, Burn Spellbooks, Renounce Religion


You were on level 4 of the Dungeon.
You worshipped Trog.
Trog was pleased with you.
You were hungry.

You visited 1 branch of the dungeon, and saw 4 of its levels.

You collected 165 gold pieces.

Inventory:

Hand Weapons
 a - a +0 hand axe (weapon)
Armour
 f - a +0 chain mail (worn)
Jewellery
 k - a cursed ring of loudness {unknown}
 m - an uncursed ring of protection from magic {unknown}
 q - a cursed -3 ring of evasion {unknown}
 r - an uncursed amulet of guardian spirit {unknown}
Wands
 t - a wand of paralysis (14)
 u - a wand of iceblast (7)
Scrolls
 b - a scroll of magic mapping {unknown}
 d - a scroll of blinking {unknown}
 e - 5 scrolls of identify {unknown}
 g - a scroll of fog {unknown}
 i - a scroll of fear {unknown}
 j - 4 scrolls of remove curse {unknown}
 l - 3 scrolls of teleportation {unknown}
Potions
 h - 2 potions of might {unknown}
 n - 3 potions of flight {unknown}
 o - 2 potions of mutation {unknown}
 s - a potion of degeneration {unknown}
Comestibles
 c - 7 rations


   Skills:
 - Level 3.6 Fighting
 + Level 8.8 Axes
 - Level 2.4 Armour
 - Level 2.1 Dodging


You had 5 spell levels left.
You didn't know any spells.

Dungeon Overview and Level Annotations

Branches:
Dungeon (4/15)
 Temple: D:4-7

Altars:
Ashenzari
Cheibriados
Okawaru


Innate Abilities, Weirdness & Mutations

You reflexively headbutt those who attack you in melee.
You have a pair of horns on your head.


Message History

You feel a strong urge to attack something.
You see here a whip of flaming.
You are no longer berserk.
You are exhausted.
You feel yourself slow down.
Items here: )) [ †† a club; a robe; a flail; a gnoll corpse x2
Butcher a gnoll corpse? [(y)es/(c)hoosy/(n)o/(a)ll/(e)dible/(q)uit/?]
Butcher a gnoll corpse? [(y)es/(c)hoosy/(n)o/(a)ll/(e)dible/(q)uit/?]
You butcher the gnoll corpse. x2
Items here: %% )) [ ÷÷ Unknown command.
You hit the ogre.
The ogre is lightly wounded.
The ogre barely misses you. You furiously retaliate!
You headbutt the ogre.
Unknown command.
You slash the ogre!
The ogre is severely wounded.
The ogre hits you with a giant club!!
You die...

########### ######
#.......... #....#
#.#########
####....######.#........
.......)'...............
####...@######...#.###..
#..O).....#...#.#....
.............#.....#(...
.............##..#####..
........$...............
.................#.###..
$.....###...###..#.# #..
###### .### #....# #..
.# #...[# ##.


You could see an ogre.

Vanquished Creatures
  An ogre (D:2)
  A centaur (D:3)
  A gnoll shaman (D:4)
  2 worker ants (D:4)
  4 gnolls (D:4)
  4 adders
  An ooze (D:1)
  3 dart slugs
  2 leopard geckos
  6 orcs (D:3)
  4 giant cockroaches
  3 hobgoblins
  4 kobolds
  A quokka (D:4)
  10 bats
  2 frilled lizards
  10 goblins
  4 rats
63 creatures vanquished.

Notes
Turn   | Place    | Note
-------+----------+-------------------------------------------
     0 | D:1      | nicolaieve the Minotaur Berserker began the quest for the Orb.
     0 | D:1      | Reached XP level 1. HP: 19/19 MP: 0/0
   114 | D:1      | Reached skill level 4 in Axes
   136 | D:1      | Reached XP level 2. HP: 25/26 MP: 1/1
   397 | D:1      | Reached skill level 5 in Axes
   821 | D:2      | Noticed an ogre
   823 | D:2      | Killed an ogre
   823 | D:2      | Reached skill level 6 in Axes
   823 | D:2      | Reached XP level 3. HP: 31/31 MP: 2/2
   823 | D:2      | Reached XP level 4. HP: 39/39 MP: 3/3
   832 | D:2      | Found a snail-covered altar of Cheibriados.
   840 | D:2      | Reached ** piety under Trog
   997 | D:2      | Reached XP level 5. HP: 32/45 MP: 4/4
  1271 | D:2      | Found an iron altar of Okawaru.
  1275 | D:2      | Reached skill level 7 in Axes
  1511 | D:3      | Noticed a centaur
  1524 | D:3      | Killed a centaur
  1553 | D:3      | Reached skill level 8 in Axes
  1867 | D:3      | Found a shattered altar of Ashenzari.
  1890 | D:4      | Reached XP level 6. HP: 43/51 MP: 5/5
  2223 | D:4      | Slain by an ogre

Skill      XL: |  1  2  3  4  5 |
---------------+----------------+-----
Axes           | 4 6 8 |  8.8
Fighting       | |  3.6
Armour         | |  2.4
Dodging        | |  2.1

Action                   |  1- 3 |  4- 6 || total
-------------------------+-------+-------++-------
Melee: Hand axe          |    43 |    86 ||   129
       Headbutt          |     7 |    18 ||    25
Invok: Berserk           |     1 |     1 ||     2
  Eat: Chunk             |       |     5 ||     5
Armor: Animal skin       |     5 |       ||     5
       Scale mail        |     4 |     4 ||     8
       Chain mail        |       |    34 ||    34
Dodge: Dodged            |    33 |    53 ||    86
